[Event "Berlin Championship 2024"]
[Site "Berlin"]
[Date "2024.04.05"]
[Round "7.2"]
[White "Foerster, Jonas"]
[Black "Jahnz, Laurin"]
[Result "1-0"]
[ECO "D40"]
[WhiteElo "2238"]
[BlackElo "2051"]
[Annotator "RC"]
[PlyCount "113"]
[EventDate "2024.03.30"]
[EventType "swiss"]
[EventCountry "GER"]
[SourceTitle "playchess.com"]
[Source "ChessBase"]
[SourceQuality "1"]
[TimeControl "40/5400+30:1800+30"]

1. d4 d5 2. Nf3 Nf6 3. c4 dxc4 4. e3 e6 5. Bxc4 c5 6. O-O Nc6 7. Nc3 a6 8. a3 b5 9. Ba2 Bb7 10. d5 exd5 11. Nxd5 Nxd5 12. Bxd5 Be7 13. Ne5 Nxe5 14. Bxb7 Qxd1 15. Rxd1 Ra7 16. Bd5 O-O 17. e4 Nd7 18. a4 b4 19. Be3 Bf6 20. Rd2 Rc7 21. Rc1 Rfc8 22. Bc4 Ra8 23. f4 Nb6 24. e5 Nxc4 25. Rxc4 Be7 26. Kf2 Kf8 27. Rd5 Rac8 28. Kf3 Rc6 29. b3 Ke8 30. f5 f6 31. e6 Bd6 32. g3 g6 33. g4 R8c7 34. h3 Ke7 35. Ke4 g5 36. Rd1 Be5 37. Bxg5 Bd4 38. Be3 Bxe3 39. Kxe3 Rd6 40. Rxd6 Kxd6 41. Re4 Re7 42. h4 h6 43. a5 Rg7 44. Kd3 Ke7 45. Kc4 h5 46. gxh5 Rh7 47. Kxc5 Rxh5 48. Rf4 Rh8 49. Kxb4 Rb8+ 50. Ka4 Kd6 51. Re4 Ke7 52. Rd4 Rb5 53. Rd7+ Ke8 54. h5 Rxf5 55. h6 Rh5 56. h7 f5 57. Rg7 1-0

[Event "Berlin Championship 2024"]
[Site "Berlin"]
[Date "2024.04.05"]
[Round "7.3"]
[White "Baldauf, Marco"]
[Black "Florstedt, Johannes"]
[Result "1-0"]
[ECO "A33"]
[WhiteElo "2481"]
[BlackElo "2348"]
[Annotator "TA"]
[PlyCount "69"]
[EventDate "2024.03.30"]
[EventType "swiss"]
[EventCountry "GER"]
[SourceTitle "playchess.com"]
[Source "ChessBase"]
[SourceQuality "1"]
[TimeControl "40/5400+30:1800+30"]

1. Nf3 Nf6 2. c4 c5 3. Nc3 Nc6 4. d4 cxd4 5. Nxd4 e6 6. g3 Qb6 7. Ndb5 Ne5 8. Bf4 Nfg4 {[%emt 0:00:44][%cal Oe5f3] ( -> ...Nf3+!)} 9. e3 a6 10. h3 {[%emt 0:00:04] The position is equal.} axb5 11. hxg4 Nxc4 12. Qb3 $1 d5 $1 {[%emt 0:08:12] Strongly threatening ...b4.} 13. Bxc4 dxc4 14. Qxb5+ Qxb5 15. Nxb5 Bb4+ 16. Ke2 {[%emt 0:00:05] Nc7+ is the strong threat.} Ke7 17. Rhd1 Ra6 18. a3 Bc5 19. Nc3 Bd7 20. g5 Bc6 {[%emt 0:06:56] Inhibits Ne4.} 21. Rd2 b5 (21... Rb6 {simplifies} 22. e4 Rd8 23. Rxd8 Kxd8 24. Rb1 Rb3) 22. Rad1 b4 {[%emt 0:00:19] [#]} (22... f6 $11 {remains equal.}) 23. Ne4 $1 $16 c3 (23... Bxe4 24. Rd7+ Kf8 25. Rd8+ Ke7 26. R1d7#) 24. Nxc5 Bb5+ {[%emt 0:05:12] [#]} 25. Kf3 $1 cxd2 26. Nxa6 ({But not} 26. axb4 Rd8 $14) 26... bxa3 27. Nc5 axb2 {[%emt 0:01:53] [#]} (27... a2 $16) 28. Be5 $1 $18 Rc8 $2 (28... b1=N) 29. Bxb2 $1 Rd8 ({Of course not} 29... Rxc5 30. Ba3 $18 (30. Rxd2 Rxg5 31. Kg2 Bc6+ 32. f3 f6 $15)) (29... Bc6+ {is a better defense.} 30. e4 Kf8 31. Rxd2 Kg8) 30. Bxg7 {[%emt 0:06:44] And now Bf6+ would win. White is clearly winning.} Rd5 31. Bf6+ Ke8 32. Ne4 Bc6 33. g4 {[%emt 0:00:10] Wards off Rf5+} e5 34. Kg3 Rd3 35. f3 {[%emt 0:01:13] Weighted Error Value: White=0.02 (flawless) /Black=0.37.  Mistake:       	---       	Black=4      Inaccurate:     	White=2     	Black=1      OK:         	White=10    	Black=12     Best:        	White=3     	---        Strong:       	White=4     	Black=1      Brilliant:      	White=1     	---} 1-0

[Event "Berlin Championship 2024"]
[Site "Berlin"]
[Date "2024.04.05"]
[Round "7.4"]
[White "Polzin, Rainer"]
[Black "Schmidek, Emil"]
[Result "1-0"]
[ECO "B12"]
[WhiteElo "2401"]
[BlackElo "2439"]
[Annotator "TA"]
[PlyCount "69"]
[EventDate "2024.03.30"]
[EventType "swiss"]
[EventCountry "GER"]
[SourceTitle "playchess.com"]
[Source "ChessBase"]
[SourceQuality "1"]
[TimeControl "40/5400+30:1800+30"]

1. e4 c6 2. d4 d5 3. e5 Bf5 4. Nd2 e6 5. Nb3 Nd7 6. Nf3 Ne7 7. Be2 h6 8. O-O g5 {[%emt 0:00:37] White is slightly better.} 9. Bd2 a5 10. a4 Bg7 11. Rc1 O-O 12. Qe1 b6 {[%emt 0:35:51] [#]} (12... Ng6 $11) 13. c4 ({White should play} 13. h4 $1 $16) 13... c5 $11 14. dxc5 Nxe5 15. Nxe5 Bxe5 16. Bc3 Bf4 (16... d4 17. Bf3 Ng6 18. Nxd4 Bxd4 19. Bxa8 Bxc3 20. Rxc3 $17 (20. Qxc3 $2 Qxa8 21. f3 Nf4 $19)) 17. cxb6 Qxb6 18. Nd4 Bg6 (18... Bxc1 $15 19. Qxc1 dxc4 20. Bxc4 Rfc8) 19. Rd1 Be5 20. Bf3 $36 {[%emt 0:02:03][%mdl 2048] White is pushing.} Bg7 21. cxd5 Nxd5 22. Bxd5 exd5 23. Qd2 Rfc8 24. Nb5 Bxc3 25. Nxc3 Qb3 26. Nxd5 {[%emt 0:00:43] aiming for Ne7+.} Rc2 {[%emt 0:05:47] [#]} 27. Ne7+ $1 Kh7 28. Qd6 {[%emt 0:00:29] And now Nxg6 would win.} Qe6 29. Qxe6 fxe6 30. Nxg6 Kxg6 $16 {[%emt 0:00:00] KRR-KRR} 31. Rd6 Kf5 (31... Re2 $14) 32. Re1 Rb8 $2 (32... Re8 $16 {is tougher.} 33. Rb6 h5) 33. Rdxe6 $18 (33. Rexe6 $2 {gets mated.} Rc1+ (33... Rbxb2 34. Rf6+ Ke5 35. Rde6+ Kd5 36. Re1 $16) (33... Rbxb2 34. Rf6+ Ke5 35. Rde6+ Kd5 36. Re1 $16)) 33... Rc5 {[%emt 0:00:13] Prevents R1e5+} 34. Rxh6 Rxb2 (34... Rg8 $18 35. h3 Rg6) 35. h3 {[%emt 0:00:14] Weighted Error Value: White=0.15 (very precise) /Black=0.65.  Loses game:     	---       	Black=1      Mistake:       	White=1     	Black=4      Inaccurate:     	White=4     	Black=4      OK:         	White=9     	Black=8      Best:        	White=5     	Black=2      Strong:       	White=1     	---} 1-0

[Event "Berlin Championship 2024"]
[Site "Berlin"]
[Date "2024.04.05"]
[Round "7.5"]
[White "Noetzel, Felix"]
[Black "Hesse, Henrik"]
[Result "0-1"]
[ECO "A29"]
[WhiteElo "2172"]
[BlackElo "2312"]
[Annotator "RC"]
[PlyCount "136"]
[EventDate "2024.03.30"]
[EventType "swiss"]
[EventCountry "GER"]
[SourceTitle "playchess.com"]
[Source "ChessBase"]
[SourceQuality "1"]
[TimeControl "40/5400+30:1800+30"]

1. c4 Nf6 2. Nc3 e5 3. g3 d5 4. cxd5 Nxd5 5. Bg2 Nb6 6. Nf3 Nc6 7. O-O Be7 8. a3 a5 9. d3 O-O 10. Be3 Re8 11. Rc1 Bf8 12. Nb5 Nd5 13. Bc5 Bxc5 14. Rxc5 Be6 15. Nd2 Re7 16. Ne4 f6 17. Qd2 a4 18. h4 Nb8 19. f4 exf4 20. gxf4 Kh8 21. f5 Bg8 22. Kh1 c6 23. Nd4 Nc7 24. Qe3 Nd7 25. Rcc1 Ne5 26. Nc2 Nd5 27. Qg3 Qb6 28. Rb1 Nf7 29. Rg1 Nh6 30. Bh3 Rf8 31. Qf3 Qc7 32. e3 c5 33. Rg2 b6 34. Rbg1 Qe5 35. Rg3 Rd7 36. Qg2 Rff7 37. d4 cxd4 38. exd4 Qf4 39. Qf3 Qxh4 40. Kh2 Rfe7 41. Nf2 Qf4 42. Nd3 Qxf3 43. Rxf3 Re2+ 44. Rg2 Rxg2+ 45. Kxg2 Ne7 46. Ndb4 Bb3 47. Kf2 Nd5 48. Nxd5 Rxd5 49. Rc3 Kg8 50. Ne3 Rxd4 51. Rc8+ Kf7 52. Rc7+ Kf8 53. Bf1 Nxf5 54. Nxf5 Rf4+ 55. Ke3 Rxf5 56. Bd3 Re5+ 57. Kd4 Re7 58. Rc8+ Kf7 59. Bxh7 g6 60. Bg8+ Kg7 61. Bxb3 axb3 62. Rc3 f5 63. Rxb3 Re6 64. Rg3 Kf6 65. b4 f4 66. Rg1 g5 67. a4 Kf5 68. a5 Re4+ 0-1

[Event "Berlin Championship 2024"]
[Site "Berlin"]
[Date "2024.04.05"]
[Round "7.6"]
[White "Eilenberg, Jonas"]
[Black "Lagunow, Alexander"]
[Result "1-0"]
[ECO "E39"]
[WhiteElo "2303"]
[BlackElo "2350"]
[Annotator "RC"]
[PlyCount "55"]
[EventDate "2024.03.30"]
[EventType "swiss"]
[EventCountry "GER"]
[SourceTitle "playchess.com"]
[Source "ChessBase"]
[SourceQuality "1"]
[TimeControl "40/5400+30:1800+30"]

1. d4 Nf6 2. c4 e6 3. Nc3 Bb4 4. Qc2 c5 5. dxc5 O-O 6. a3 Bxc5 7. Nf3 d5 8. e3 dxc4 9. Bxc4 Nbd7 10. O-O b6 11. b4 Be7 12. Bb2 a5 13. Rad1 axb4 14. axb4 Bb7 15. Nb5 Qb8 16. Ng5 Rd8 17. Nxf7 Kxf7 18. Bxe6+ Kxe6 19. Qc4+ Bd5 20. Nc7+ Kf7 21. Rxd5 Nxd5 22. Qxd5+ Kg6 23. Qe4+ Kf7 24. Qe6+ Kf8 25. Bxg7+ Kxg7 26. Qxe7+ Kg8 27. Nxa8 Nf8 28. Nc7 1-0

[Event "Berlin Championship 2024"]
[Site "Berlin"]
[Date "2024.04.05"]
[Round "7.7"]
[White "Muse, Drazen"]
[Black "Klenburg, Michael"]
[Result "1/2-1/2"]
[ECO "E68"]
[WhiteElo "2316"]
[BlackElo "2328"]
[Annotator "RC"]
[PlyCount "85"]
[EventDate "2024.03.30"]
[EventType "swiss"]
[EventCountry "GER"]
[SourceTitle "playchess.com"]
[Source "ChessBase"]
[SourceQuality "1"]
[TimeControl "40/5400+30:1800+30"]

1. d4 Nf6 2. Nf3 g6 3. g3 Bg7 4. Bg2 O-O 5. c4 d6 6. Nc3 Nbd7 7. O-O e5 8. h3 Re8 9. e4 exd4 10. Nxd4 a6 11. Be3 Rb8 12. a4 a5 13. Qc2 c6 14. Rad1 Qe7 15. Rfe1 Rd8 16. f4 Ne8 17. Bf2 Nf8 18. Rd2 h5 19. Nf3 Qc7 20. Red1 b6 21. Bd4 Bxd4+ 22. Nxd4 Bb7 23. Nf3 Qe7 24. Kh2 Nd7 25. b3 Nc5 26. e5 dxe5 27. Nxe5 h4 28. Rxd8 hxg3+ 29. Kxg3 Rxd8 30. Rxd8 Qxd8 31. Ne4 Ne6 32. Qd2 Nd4 33. c5 bxc5 34. Kh2 Ng7 35. Nxc5 Bc8 36. Qf2 Nge6 37. Ne4 Kg7 38. Ng5 Nxg5 39. fxg5 Be6 40. Qf4 c5 41. Nd3 Nxb3 42. Qe5+ Kg8 43. Nxc5 1/2-1/2

[Event "Berlin Championship 2024"]
[Site "Berlin"]
[Date "2024.04.05"]
[Round "7.8"]
[White "Yatskar, Martin"]
[Black "Nogly, Christoph"]
[Result "1-0"]
[ECO "D35"]
[WhiteElo "2066"]
[BlackElo "2228"]
[Annotator "RC"]
[PlyCount "75"]
[EventDate "2024.03.30"]
[EventType "swiss"]
[EventCountry "GER"]
[SourceTitle "playchess.com"]
[Source "ChessBase"]
[SourceQuality "1"]
[TimeControl "40/5400+30:1800+30"]

1. d4 d5 2. c4 e6 3. Nc3 Nf6 4. cxd5 exd5 5. Bg5 c6 6. e3 h6 7. Bh4 Be7 8. Bd3 O-O 9. Nge2 Re8 10. O-O Nbd7 11. a4 Nh5 12. Bxe7 Qxe7 13. a5 Nf8 14. Qd2 f5 15. Rae1 Bd7 16. Na4 Rad8 17. b4 g6 18. Nc5 Bc8 19. b5 b6 20. axb6 axb6 21. Na4 cxb5 22. Bxb5 Bd7 23. Rb1 Qd6 24. Nxb6 Bxb5 25. Rxb5 Qc6 26. Rfb1 Ne6 27. Na4 Ra8 28. Nc5 Rec8 29. Qd3 Nhg7 30. h4 h5 31. Qb3 Rd8 32. Nc3 Kh7 33. Nxe6 Qxe6 34. Nxd5 Ra7 35. Nf4 Qe7 36. g3 Ra3 37. Qb2 Rda8 38. Rb7 1-0

[Event "Berlin Championship 2024"]
[Site "Berlin"]
[Date "2024.04.06"]
[Round "8.1"]
[White "Baldauf, Marco"]
[Black "Poltorak, Sebastian"]
[Result "1/2-1/2"]
[ECO "E35"]
[WhiteElo "2481"]
[BlackElo "2392"]
[Annotator "TA"]
[PlyCount "116"]
[EventDate "2024.03.30"]
[EventType "swiss"]
[EventCountry "GER"]
[SourceTitle "playchess.com"]
[Source "ChessBase"]
[SourceQuality "1"]
[TimeControl "40/5400+30:1800+30"]

1. d4 Nf6 2. c4 e6 3. Nc3 Bb4 4. Qc2 d5 5. cxd5 exd5 6. Bg5 h6 7. Bh4 g5 {[%emt 0:00:21] 7...0-0 is the modern continuation. E35: Nimzo-Indian: Classical: 4...d5 5 cxd5 exd5.} 8. Bg3 Nc6 9. e3 h5 10. Bb5 h4 11. Be5 Rh6 12. h3 Ne4 13. Nge2 Bf5 14. Qb3 Nxc3 $146 ({Predecessor:} 14... Bxc3+ 15. Nxc3 Nxc3 16. bxc3 Qd7 17. Bh2 O-O-O 18. Qa4 Rg8 19. f3 a6 20. Be2 Re8 {0-1 Sjugirov,S (2663)-Yu,Y (2764) Wch Rapid St Petersburg 2018 (9)}) 15. bxc3 Be7 16. O-O a6 17. Bxc6+ bxc6 (17... Rxc6 {looks sharper.} 18. Qxb7 Rb6 19. Qxc7 Rc8) 18. f3 Rb8 19. Qa4 Rb6 (19... Re6 $1 $15 20. f4 Rb2 21. fxg5 (21. Qxa6 g4 $17) 21... Be4) 20. Rae1 $11 Re6 21. Nc1 f6 22. Bh2 $1 (22. e4 dxe4 23. Qc4 (23. fxe4 Bg6 $17) 23... Qd5 (23... fxe5 24. fxe4 Bxh3 25. gxh3 $15) 24. Qxd5 cxd5 25. Bxc7 Rb7 26. fxe4 Rxe4 $19 (26... Bxe4 $2 27. Ba5 $19)) 22... Qd7 23. Nb3 Bd3 24. Rf2 Bb5 25. Qa5 Bc4 26. Rd2 Kf7 (26... Bxb3 {simplifies} 27. axb3 Rxb3 28. Qa1 c5) 27. Kf2 (27. e4 $11 {remains equal.}) 27... Rb5 (27... Bd6 $17 28. Bxd6 Qxd6) 28. Qxc7 $15 Qxc7 29. Bxc7 Bxb3 30. axb3 Rxb3 31. Rc2 Rb7 32. Bh2 $1 c5 33. Ra1 cxd4 34. cxd4 Bb4 35. f4 Kg6 36. fxg5 Kxg5 37. Ke2 a5 38. Bf4+ Kg6 39. Rc8 Rbb6 40. Rd8 Rb5 41. Rg8+ Kf7 42. Ra8 Bc3 43. Ra2 Rb3 44. R8xa5 Bxd4 45. R5a3 Rxa3 46. Rxa3 Be5 47. Ra4 d4 48. Bxe5 fxe5 49. exd4 exd4+ 50. Kd3 Rg6 51. Ra7+ Kg8 52. Ra2 Rg3+ 53. Kxd4 Kg7 54. Ke5 Kg6 55. Kf4 Kf6 56. Rb2 Ke6 57. Rb6+ Kf7 58. Rb7+ Kf6 1/2-1/2

[Event "Berlin Championship 2024"]
[Site "Berlin"]
[Date "2024.04.06"]
[Round "8.2"]
[White "Foerster, Jonas"]
[Black "Polzin, Rainer"]
[Result "1/2-1/2"]
[ECO "B40"]
[WhiteElo "2238"]
[BlackElo "2401"]
[Annotator "TA"]
[PlyCount "111"]
[EventDate "2024.03.30"]
[EventType "swiss"]
[EventCountry "GER"]
[SourceTitle "playchess.com"]
[Source "ChessBase"]
[SourceQuality "1"]
[TimeControl "40/5400+30:1800+30"]

1. e4 c5 2. Nf3 e6 3. g3 Nc6 4. Bg2 Nf6 5. d3 d5 6. exd5 Nxd5 7. O-O Be7 8. Nc3 Nxc3 9. bxc3 Bf6 10. Bb2 O-O 11. Nd2 Qd7 12. Ne4 (12. Qh5 {seems wilder.} b6 13. Be4 h6 14. f4) 12... Be7 13. d4 c4 (13... b6 $11) 14. Qh5 (14. a4 $14 {deserves consideration.}) 14... b6 $11 15. Rad1 Bb7 16. d5 exd5 17. Rxd5 Qe6 18. Ng5 Bxg5 $1 19. Qxg5 Na5 20. Re5 Qd6 21. Bxb7 Nxb7 22. Rd5 Qg6 23. Qd2 (23. Qxg6 {simplifies} hxg6 24. Rfd1 Rfd8 25. R5d4) 23... Nc5 24. Ba3 Ne4 25. Qd4 Rfe8 {[%emt 0:00:16] Black wants to play ...Qc6.} 26. Bc1 (26. Re1 $1 $11) 26... h6 27. Bf4 Nf6 (27... Qc6 $17 {[%cal Oe4c3] And now ...Nxc3! would win.} 28. Re1 Ng5 (28... Nxc3 29. Rde5 $11) 29. Rxe8+ Rxe8 30. Bxg5 Re1+ (30... hxg5 31. Rd8 $11) 31. Kg2 hxg5) 28. Re5 $15 Qxc2 29. Qxc4 Rec8 30. Qa6 Rd8 ({Much worse is} 30... Qxc3 $6 31. Rc1 Qxc1+ 32. Bxc1 Rxc1+ 33. Kg2 $16) 31. Rc1 Rd1+ (31... Qd3 {simplifies} 32. Qxd3 Rxd3 33. c4 g5) 32. Rxd1 Qxd1+ 33. Kg2 Nd5 {[%emt 0:01:26] [#] aiming for ...Nxf4+.} (33... Qd7 {simplifies} 34. Qb5 Qxb5 35. Rxb5 Rc8) 34. Qc4 {[%emt 0:00:44] The position is equal.} Rd8 35. Qe4 Nxc3 36. Re8+ Rxe8 37. Qxe8+ $11 {[%emt 0:00:07][%mdl 4096] Endgame. KQB-KQN} Kh7 {[%emt 0:00:02] [#] Threatens to win with ...Qd5+.} 38. Qxf7 {[%emt 0:00:26] Qf5+ would now be deadly.} Qd5+ 39. Qxd5 Nxd5 {[%emt 0:00:01] KB-KN} 40. Bd2 Kg6 41. g4 h5 42. h3 hxg4 43. hxg4 Kf6 44. f4 g6 45. Kf3 Ke6 46. a4 Nf6 47. a5 Nd5 48. axb6 axb6 49. Be3 Nxe3 50. Kxe3 {[%emt 0:00:05] KPP-KPP} Kd5 51. Kd3 b5 52. Kc3 Ke4 53. f5 gxf5 54. gxf5 Kxf5 55. Kb4 Kg4 56. Kxb5 {[%emt 0:00:04] Weighted Error Value: White=0.09 (flawless) /Black=0.09 (flawless) .  Mistake:       	White=2     	Black=2      Inaccurate:     	White=4     	Black=4      OK:         	White=20    	Black=20     Best:        	White=2     	Black=1      Strong:       	---       	Black=1} 1/2-1/2

[Event "Berlin Championship 2024"]
[Site "Berlin"]
[Date "2024.04.06"]
[Round "8.3"]
[White "Hesse, Henrik"]
[Black "Lagunow, Raphael"]
[Result "0-1"]
[ECO "A20"]
[WhiteElo "2312"]
[BlackElo "2421"]
[Annotator "TA"]
[PlyCount "74"]
[EventDate "2024.03.30"]
[EventType "swiss"]
[EventCountry "GER"]
[SourceTitle "playchess.com"]
[Source "ChessBase"]
[SourceQuality "1"]
[TimeControl "40/5400+30:1800+30"]

1. c4 e5 2. g3 c6 3. d4 e4 4. d5 Bb4+ 5. Bd2 Qe7 6. Bxb4 Qxb4+ 7. Qd2 Qxc4 8. Nc3 {[%emt 0:00:08][%cal Bb1c3,Bc3e4,Be4d6][%mdl 32] The position is equal.} Nf6 9. e3 Qc5 10. Rc1 Qa5 (10... Nxd5 $2 {is the wrong capture.} 11. Nxd5 (11. Nxe4 Qb4 $11) 11... Qd6 12. Nc3 $18) 11. Bg2 Na6 12. Bxe4 Nxe4 13. Nxe4 Qxd2+ 14. Kxd2 cxd5 15. Nd6+ Ke7 16. Nb5 (16. Nf5+ Kf6 17. Nd4 b6) 16... b6 17. Ne2 Bb7 18. Rhd1 Bc6 19. Nbd4 {[%emt 0:20:47][%mdl 1024] White has compensation.} Nc5 20. b4 (20. Ke1 $11) 20... Ne4+ $15 21. Ke1 Rhc8 22. Nb3 Bb7 23. f3 Nf6 24. Nbd4 g6 {[%emt 0:00:52] Prevents Nf5+} 25. b5 Rc4 26. Rb1 a6 27. bxa6 Rxa6 28. Rd2 d6 29. Nb5 Nd7 30. Kf2 Ne5 31. Nbc3 $2 {[%emt 0:01:07] [#] This costs White the game.} (31. g4 $15) 31... Nxf3 $1 $19 32. Nxd5+ (32. Kxf3 d4+) 32... Bxd5 33. Rxd5 Nxh2 34. Rdb5 (34. Rd2 $142) 34... Ng4+ (34... Rxa2 35. R1b2 Ng4+ 36. Kf3 $19) 35. Kf3 Ne5+ 36. Kf2 $2 (36. Kg2) 36... Rxa2 {[%emt 0:00:13] Strongly threatening ...Rcc2.} 37. Rxb6 Rcc2 {[%emt 0:00:21] Weighted Error Value: White=0.59/Black=0.03 (flawless) .  Loses game:     	White=1     	---        Mistake:       	White=3     	---        Inaccurate:     	White=3     	---        OK:         	White=12    	Black=10     Best:        	White=2     	Black=4      Brilliant:      	---       	Black=1} 0-1

[Event "Berlin Championship 2024"]
[Site "Berlin"]
[Date "2024.04.06"]
[Round "8.4"]
[White "Jahnz, Laurin"]
[Black "Eilenberg, Jonas"]
[Result "0-1"]
[ECO "B30"]
[WhiteElo "2051"]
[BlackElo "2303"]
[Annotator "RC"]
[PlyCount "144"]
[EventDate "2024.03.30"]
[EventType "swiss"]
[EventCountry "GER"]
[SourceTitle "playchess.com"]
[Source "ChessBase"]
[SourceQuality "1"]
[TimeControl "40/5400+30:1800+30"]

1. e4 c5 2. Nf3 Nc6 3. Bc4 e6 4. O-O Nf6 5. Re1 a6 6. Bf1 d5 7. exd5 Nxd5 8. d4 cxd4 9. Nxd4 Bc5 10. Nb3 Ba7 11. N1d2 O-O 12. Nf3 Qc7 13. c3 Rd8 14. Qc2 e5 15. Bd3 g6 16. Bg5 f6 17. Bh6 Nce7 18. Qe2 Be6 19. Nbd4 Bf7 20. Nc2 Nc6 21. Ne3 Nxe3 22. Bxe3 Bxe3 23. Qxe3 Rd7 24. Bc2 Rad8 25. a3 Na5 26. Rad1 Nc4 27. Rxd7 Rxd7 28. Qc1 Bd5 29. Rd1 Kg7 30. b3 Na5 31. c4 Bxf3 32. Rxd7+ Qxd7 33. gxf3 Nc6 34. Be4 Nd4 35. Qd1 b5 36. Qd3 Qc7 37. Bd5 a5 38. Kg2 Qc5 39. a4 bxa4 40. bxa4 Qb4 41. f4 Qxa4 42. fxe5 fxe5 43. Qe4 Qe8 44. f4 Kf6 45. c5 Qb8 46. c6 Qb2+ 47. Kf1 Qc1+ 48. Kf2 Qd2+ 49. Kf1 Qc1+ 50. Kf2 Qb2+ 51. Kf1 Nb5 52. Qc4 Nd6 53. Qc5 Qb5+ 54. Qxb5 Nxb5 55. fxe5+ Kxe5 56. Bc4 Nc7 57. Bg8 h6 58. Ke2 Kd6 59. Bh7 g5 60. Be4 Ne6 61. Kf3 a4 62. Kg4 a3 63. Bb1 Ng7 64. Kf3 Kxc6 65. Ke4 Kc5 66. Kd3 Kb4 67. Ba2 h5 68. Bd5 g4 69. Bf7 h4 70. Bd5 g3 71. hxg3 hxg3 72. Ke3 Nf5+ 0-1

[Event "Berlin Championship 2024"]
[Site "Berlin"]
[Date "2024.04.06"]
[Round "8.5"]
[White "Florstedt, Johannes"]
[Black "Yatskar, Martin"]
[Result "1-0"]
[ECO "E01"]
[WhiteElo "2348"]
[BlackElo "2066"]
[Annotator "RC"]
[PlyCount "67"]
[EventDate "2024.03.30"]
[EventType "swiss"]
[EventCountry "GER"]
[SourceTitle "playchess.com"]
[Source "ChessBase"]
[SourceQuality "1"]
[TimeControl "40/5400+30:1800+30"]

1. Nf3 d5 2. g3 c5 3. Bg2 Nc6 4. d4 e6 5. O-O cxd4 6. Nxd4 Bc5 7. Nxc6 bxc6 8. c4 Nf6 9. Qc2 Qe7 10. cxd5 cxd5 11. Be3 Bxe3 12. Qc6+ Qd7 13. Qxa8 O-O 14. Qb8 Bb7 15. Qe5 Ng4 16. Qh5 Nxf2 17. Rxf2 Qb5 18. Na3 Qxb2 19. Rb1 Qxa2 20. Rxb7 Qxa3 21. Qf3 Bxf2+ 22. Qxf2 a5 23. Qd4 Rc8 24. Bh3 Qc1+ 25. Kg2 Qc4 26. Qe5 Qc6 27. Re7 d4+ 28. Kf2 d3 29. Bxe6 Rf8 30. Bd5 Qg6 31. Re8 Qb6+ 32. Kg2 Qb4 33. Bxf7+ Kh8 34. exd3 1-0

[Event "Berlin Championship 2024"]
[Site "Berlin"]
[Date "2024.04.06"]
[Round "8.6"]
[White "Schmidek, Emil"]
[Black "Jahnz, Fabian"]
[Result "1-0"]
[ECO "D20"]
[WhiteElo "2439"]
[BlackElo "2287"]
[Annotator "TA"]
[PlyCount "113"]
[EventDate "2024.03.30"]
[EventType "swiss"]
[EventCountry "GER"]
[SourceTitle "playchess.com"]
[Source "ChessBase"]
[SourceQuality "1"]
[TimeControl "40/5400+30:1800+30"]

1. d4 d5 2. c4 dxc4 3. e4 e5 4. Nf3 exd4 5. Bxc4 Nc6 6. O-O Be6 7. Bb5 Bc5 {[%emt 0:00:43][%cal Bf8c5,Bc5b6,Bb6a7][%mdl 32] [#]} 8. b4 $1 Bb6 9. a4 {[%emt 0:00:11][%cal Ba2a4,Ba4a5][%mdl 32] a5 would now be deadly.} a6 10. Bxc6+ {[%emt 0:01:31] White is slightly better.} bxc6 11. a5 Ba7 12. Bb2 Nf6 13. Bxd4 O-O 14. Nc3 Qe7 15. Bxa7 Rxa7 16. Ne5 (16. Nd4 $5 Bd7 17. Nc2 $15) 16... Qd6 17. Qxd6 cxd6 18. Nd3 (18. Nxc6 Rc7 19. Nd5 Bxd5 20. exd5 Nxd5 $19) 18... Rb7 19. Rfd1 Bc4 20. e5 dxe5 21. Nxe5 Nd5 22. Rdc1 Rxb4 23. Nxc6 {[%emt 0:00:00] aiming for Nxd5.} Rb7 $1 24. Ne4 {[%emt 0:00:00] A dynamic duo of knights.} Bb5 25. Nd6 Bxc6 26. Rxc6 Ra7 27. Rb1 g6 28. Kf1 Kg7 29. Ne4 Rd8 30. g3 Ne7 31. Rc5 Rd4 32. Nc3 Rd6 33. Rb6 Rad7 34. Ke1 Re6+ 35. Rxe6 fxe6 $11 {[%emt 0:00:03][%mdl 4096] Endgame. KRN-KRN} 36. Ke2 h6 37. Ke3 Nf5+ 38. Ke4 Kf6 39. g4 Rd4+ 40. Kf3 Ne7 41. Ne4+ Kf7 42. Rc7 Rd3+ 43. Ke2 Ra3 44. Nd6+ Kf6 45. h4 {[%emt 0:06:00][%cal Og4g5] And now g5+! would win.} e5 (45... Ra2+ $1 $11 46. Kd3 e5) 46. Nc4 $14 {[%emt 0:01:27] White is more active.} Rc3 (46... Ra2+ $14 47. Kf3 Rc2) 47. Kd2 $16 Rf3 {[%emt 0:00:15] [#]} 48. Ra7 $1 Rxf2+ 49. Ke3 Rf4 ({Not} 49... Nc6 $2 50. Rxa6 Rf1 51. Rxc6+ $18) (49... Ra2 $16) 50. Rxa6+ $18 Kg7 51. Nxe5 Nd5+ 52. Kd2 Re4 (52... Rf2+ $142 53. Ke1 Ra2 54. Rxg6+ (54. Nxg6 Ra4 $14) 54... Kh7) 53. Rxg6+ ({Weaker is} 53. Nxg6 Rxg4 54. Ne5 Rxh4 $14) 53... Kh7 54. Re6 Ra4 55. a6 {[%emt 0:00:37] White is clearly winning.} Kg7 56. Rg6+ Kh7 57. Rd6 {[%emt 0:00:25] Weighted Error Value: White=0.06 (flawless) /Black=0.21 (precise) .  Mistake:       	---       	Black=4      Inaccurate:     	White=5     	Black=3      OK:         	White=20    	Black=19     Best:        	White=5     	Black=3      Strong:       	White=1     	Black=1} 1-0

[Event "Berlin Championship 2024"]
[Site "Berlin"]
[Date "2024.04.06"]
[Round "8.7"]
[White "Thiede, Lars"]
[Black "Petersen, Marcel"]
[Result "1-0"]
[ECO "A26"]
[WhiteElo "2388"]
[BlackElo "2133"]
[Annotator "RC"]
[PlyCount "81"]
[EventDate "2024.03.30"]
[EventType "swiss"]
[EventCountry "GER"]
[SourceTitle "playchess.com"]
[Source "ChessBase"]
[SourceQuality "1"]
[TimeControl "40/5400+30:1800+30"]

1. Nf3 g6 2. c4 Bg7 3. g3 e5 4. Nc3 Ne7 5. Bg2 O-O 6. O-O Nbc6 7. Rb1 a5 8. d3 d6 9. a3 Nd4 10. Bg5 h6 11. Bxe7 Qxe7 12. b4 axb4 13. axb4 c6 14. b5 Bg4 15. e3 Nxf3+ 16. Bxf3 Bxf3 17. Qxf3 Qd7 18. Rb3 f5 19. Rfb1 Ra7 20. Kg2 Kh7 21. h3 Rd8 22. e4 Rc8 23. h4 h5 24. exf5 Qxf5 25. Qe3 Raa8 26. bxc6 bxc6 27. Rb7 Rf8 28. Rc7 Rac8 29. Ra7 Rf7 30. Ne4 Rd7 31. Rbb7 Rxb7 32. Rxb7 Rd8 33. Qa7 Rg8 34. Rf7 Qc8 35. Nxd6 Qd8 36. Ne4 Kh8 37. Rd7 Qf8 38. Qc7 Qf5 39. Rf7 Qe6 40. Ng5 Qe8 41. Qd6 1-0